[Event "Team 45 45 League T59"]
[Site "Internet Chess Club"]
[Date "2013.12.29"]
[Round "5"]
[White "beitmery"]
[Black "Otelo"]
[Result "0-1"]
[WhiteElo "1644"]
[BlackElo "1831"]
[Opening "King's Indian: Kazakh variation"]
[ECO "E91"]
[Time "14:12:41"]
[TimeControl "2700+45"]

1. d4 Nf6 2. c4 g6 3. Nc3 Bg7 4. e4 d6 5. Nf3 O-O 6. Be2 Na6 7. O-O e5 8. d5 Nc5
9. Qc2 a5 10. h3 Nh5 11. Ne1 Nf4 12. Nd3 Ncxd3 13. Bxd3 Qg5 14. Bxf4 exf4 15.
Kh1 f3 16. Rg1 Qh4 17. Bf1 fxg2+ 18. Rxg2 Be5 19. f4 Qxh3+ 20. Rh2 Qf3+ 21. Kg1
Bd4+ 22. Rf2 Qg3+ 23. Bg2 Bh3 24. Kf1 Bxf2 25. Qxf2 Bxg2+ 26. Qxg2 Qxf4+ 27. Ke2
f5 28. Rf1 Qe5 29. Rh1 fxe4 30. Qxe4 Rae8 31. Qxe5 Rxe5+ 32. Kd3 Rf3+ 33. Kc2 g5
34. Nb5 Re2+ 35. Kc1 Rff2 36. Nxc7 Rxb2 37. Ne6 Rxa2 38. Kb1 g4 39. Rg1 Rfb2+
40. Kc1 h5 41. Rf1 Ra1+ {White resigns} 0-1

[Event "Team 45 45 League T59"]
[Site "Internet Chess Club"]
[Date "2013.12.22"]
[Round "5"]
[White "MBAStudent"]
[Black "vigneshv"]
[Result "1-0"]
[WhiteElo "1722"]
[BlackElo "1632"]
[Opening "French: Tarrasch, closed variation"]
[ECO "C05"]
[Time "11:05:06"]
[TimeControl "2700+45"]

1. e4 e6 2. d4 d5 3. Nd2 Nf6 4. e5 Nfd7 5. Bd3 c5 6. c3 Nc6 7. Ne2 Qb6 8. Nf3
cxd4 9. cxd4 f6 10. exf6 Nxf6 11. O-O Bd6 12. b3 O-O 13. Bb2 Ng4 14. Ng3 Bxg3
15. hxg3 Nf6 16. Ne5 Nxe5 17. dxe5 Nd7 18. Bd4 Qb4 19. Rc1 Qa5 20. Qg4 Qb4 21.
Qxe6+ Kh8 22. Qxd5 Nb6 23. Qc5 Qxc5 24. Bxc5 Re8 25. f4 Bg4 26. Be4 Rab8 27. Bd6
Be2 28. Rf2 {Black resigns} 1-0

[Event "Team 45 45 League T59"]
[Site "Internet Chess Club"]
[Date "2013.12.22"]
[Round "5"]
[White "draft"]
[Black "fishhead"]
[Result "1/2-1/2"]
[WhiteElo "1520"]
[BlackElo "1833"]
[Opening "Nimzo-Indian: classical variation"]
[ECO "E32"]
[Time "15:00:40"]
[TimeControl "2700+45"]

1. d4 Nf6 2. c4 e6 3. Nc3 Bb4 4. Qc2 O-O 5. a3 Be7 6. e4 d5 7. e5 Ne8 8. Nf3 c5
9. Be3 cxd4 10. Nxd4 Nc6 11. Nxc6 bxc6 12. Bd3 f5 13. cxd5 cxd5 14. Bd4 Qa5 15.
O-O Ba6 16. b4 Bxd3 17. Qxd3 Qc7 18. Rac1 Qb7 19. Rc2 Nc7 20. Rfc1 Rfc8 21. f4
a6 22. Qe2 Nb5 23. Nxb5 Rxc2 24. Qxc2 axb5 25. Qc7 Qxc7 26. Rxc7 Kf8 27. Rc3 Ke8
28. Kf2 Kd7 29. Ke2 g5 30. g3 g4 31. Kd3 h5 32. Kc2 h4 33. Kb3 hxg3 34. hxg3 Rb8
35. Rc2 {Game drawn by mutual agreement} 1/2-1/2

[Event "Team 45 45 League T59"]
[Site "Internet Chess Club"]
[Date "2013.12.22"]
[Round "5"]
[White "justice02"]
[Black "laotse"]
[Result "1-0"]
[WhiteElo "1803"]
[BlackElo "1587"]
[Opening "Sicilian"]
[ECO "B50"]
[Time "14:11:35"]
[TimeControl "2700+45"]

1. e4 c5 2. Nf3 d6 3. g3 Nc6 4. c3 Bg4 5. Bg2 Nf6 6. d3 Ne5 7. Qe2 Qd7 8. a4 g6
9. Be3 Nxf3+ 10. Bxf3 Bxf3 11. Qxf3 Bg7 12. O-O O-O 13. Nd2 h6 14. Rfe1 Ng4 15.
d4 Nxe3 16. fxe3 f5 17. Rf1 e5 18. exf5 Rxf5 19. Qd5+ Kh7 20. dxc5 e4 21. Rxf5
gxf5 22. Nc4 Re8 23. Nxd6 Re5 24. Qxb7 Qe6 25. Qxa7 f4 26. exf4 Rh5 27. Re1 Qg4
28. Nxe4 Qf3 29. Nf6+ {Black resigns} 1-0

[Event "Team 45 45 League T59"]
[Site "Internet Chess Club"]
[Date "2013.12.19"]
[Round "5"]
[White "lacibacsi"]
[Black "koni"]
[Result "1/2-1/2"]
[WhiteElo "1982"]
[BlackElo "1932"]
[Opening "Pirc: 150 attack"]
[ECO "B07"]
[Time "15:36:23"]
[TimeControl "2700+45"]

1. e4 d6 2. d4 Nf6 3. Nc3 g6 4. Be3 c6 5. Qd2 b5 6. f3 Nbd7 7. g4 Nb6 8. b3 Qc7
9. d5 b4 10. g5 Nh5 11. Nce2 Bg7 12. Bd4 c5 13. Bxg7 Nxg7 14. Ng3 a5 15. Bb5+
Bd7 16. Bxd7+ Qxd7 17. N1e2 a4 18. Kf2 axb3 19. axb3 O-O 20. c3 {Game drawn by
mutual agreement} 1/2-1/2

[Event "Team 45 45 League T59"]
[Site "Internet Chess Club"]
[Date "2013.12.21"]
[Round "5"]
[White "RamRock"]
[Black "Tobiasdelmonte"]
[Result "1-0"]
[WhiteElo "1855"]
[BlackElo "1683"]
[Opening "Alekhine's defense"]
[ECO "B03"]
[Time "10:01:37"]
[TimeControl "2700+45"]

1. e4 Nf6 2. e5 Nd5 3. d4 d6 4. exd6 exd6 5. c4 Nb6 6. Nf3 Bg4 7. Be2 Nc6 8. O-O
Be7 9. b3 O-O 10. Bb2 Bf6 11. Nbd2 g6 12. Ne4 Bg7 13. Qd2 Re8 14. Ng3 Qd7 15. h3
Bxf3 16. Bxf3 a5 17. Rfe1 a4 18. Bc3 axb3 19. axb3 Rxe1+ 20. Rxe1 h6 21. Bxc6
bxc6 22. Qe2 Ra3 23. Qb2 Ra8 24. Qe2 Qd8 25. Nf1 d5 26. Qd3 Ra3 27. c5 Nd7 28.
Nd2 Qf6 29. Qe3 Nxc5 30. Bb4 Nd3 31. Qxd3 Ra2 32. Bc5 Qf4 33. Nf3 h5 34. Qe3 Qf5
35. Ne5 Bh6 36. Qf3 Qxf3 37. Nxf3 Bf4 38. g3 Bd6 39. b4 Kf8 40. Ne5 Ra6 41. Rc1
Ke7 42. Bxd6+ cxd6 43. Nxc6+ Kd7 44. Nb8+ {Black resigns} 1-0

[Event "Team 45 45 League T59"]
[Site "Internet Chess Club"]
[Date "2013.12.23"]
[Round "5"]
[White "FourKnights"]
[Black "hewdondada"]
[Result "1/2-1/2"]
[WhiteElo "1797"]
[BlackElo "1694"]
[Opening "QGD Slav defense: exchange variation"]
[ECO "D13"]
[Time "17:10:05"]
[TimeControl "2700+45"]

1. d4 d5 2. c4 c6 3. cxd5 cxd5 4. Nc3 Nf6 5. Nf3 Nc6 6. Bf4 e6 7. e3 a6 8. a3
Bd6 9. Bxd6 Qxd6 10. Bd3 Bd7 11. O-O b5 12. b4 O-O 13. Qe2 Rfe8 14. Rfe1 Rac8
15. Rac1 Rc7 16. Rc2 Rec8 17. Rec1 h6 18. h3 e5 19. dxe5 Nxe5 20. Nxe5 Qxe5 21.
Na2 Rxc2 22. Rxc2 Rxc2 23. Qxc2 Qd6 24. Nc3 d4 25. exd4 Qxd4 26. Ne2 Qa1+ 27.
Qc1 {Game drawn by mutual agreement} 1/2-1/2

[Event "Team 45 45 League T59"]
[Site "Internet Chess Club"]
[Date "2013.12.19"]
[Round "5"]
[White "Timotheous"]
[Black "fireball"]
[Result "1-0"]
[WhiteElo "1799"]
[BlackElo "1741"]
[Opening "Réti: advance variation"]
[ECO "A09"]
[Time "06:36:55"]
[TimeControl "2700+45"]

1. Nf3 d5 2. c4 d4 3. b4 f6 4. g3 e5 5. a3 e4 6. Nh4 g5 7. Ng2 b6 8. e3 h5 9.
exd4 Qxd4 10. Ra2 Bg4 11. Qa4+ Nd7 12. Bb2 Qd6 13. Ne3 Be6 14. Bg2 Qd3 15. Ra1
Bxc4 16. Nxc4 Qxc4 17. Nc3 Rh7 18. Qb5 Qd4 19. Qc6 Rd8 20. O-O Qxd2 21. Qxe4+
Re7 22. Qg6+ Rf7 23. Qxg8 Qxb2 24. Nd5 Rg7 25. Nxc7+ Ke7 26. Qe6# {Black
checkmated} 1-0

[Event "Team 45 45 League T59"]
[Site "Internet Chess Club"]
[Date "2013.12.22"]
[Round "5"]
[White "pcvan"]
[Black "arnx813"]
[Result "0-1"]
[WhiteElo "1449"]
[BlackElo "1398"]
[Opening "QGD: Tarrasch, Prague variation"]
[ECO "D33"]
[Time "19:06:30"]
[TimeControl "2700+45"]

1. d4 d5 2. c4 e6 3. Nc3 c5 4. cxd5 exd5 5. Nf3 Nc6 6. g3 Nf6 7. Bg2 Be6 8. O-O
Be7 9. Bg5 O-O 10. e3 Ne4 11. Nxe4 dxe4 12. Bxe7 Qxe7 13. Ne5 Nxe5 14. dxe5 Bc4
15. Re1 Qxe5 16. Qc2 Bd3 17. Qb3 b6 18. Red1 Rad8 19. Rd2 Bc4 20. Qc2 Rxd2 21.
Qxd2 Bd3 22. Rd1 Rd8 23. Qc2 f5 24. Qb3+ c4 25. Qb4 Rd6 26. Rc1 a5 27. Qc3 Qxc3
28. Rxc3 Be2 29. Rc1 Rd2 30. Bf1 Bd3 31. Bxd3 cxd3 32. Rc8+ Kf7 33. Kf1 Rxb2 34.
Ke1 Re2+ 35. Kf1 Rxa2 36. Rd8 Ra1+ {White resigns} 0-1

[Event "Team 45 45 League T59"]
[Site "Internet Chess Club"]
[Date "2013.12.22"]
[Round "5"]
[White "Jjohnston92A"]
[Black "ChessMaine"]
[Result "0-1"]
[WhiteElo "1363"]
[BlackElo "1459"]
[Opening "French: advance variation"]
[ECO "C02"]
[Time "05:01:23"]
[TimeControl "2700+45"]

1. e4 e6 2. d4 d5 3. e5 c5 4. c3 Qb6 5. Nf3 Nc6 6. Be3 Bd7 7. a4 cxd4 8. Bxd4
Nxd4 9. Qxd4 Qxb2 10. Bb5 Bxb5 11. axb5 Qxa1 12. O-O Qa5 13. c4 Qb6 14. Qa1 dxc4
15. Nc3 Bc5 16. Na4 Qc7 17. Nxc5 Qxc5 18. Qa4 Ne7 19. b6+ Qc6 20. Qxc6+ Nxc6 21.
Ra1 O-O 22. bxa7 Rxa7 23. Re1 Rd8 24. g4 Nd4 {White resigns} 0-1

[Event "Team 45 45 League T59"]
[Site "Internet Chess Club"]
[Date "2013.12.20"]
[Round "5"]
[White "Visin"]
[Black "Fulmar"]
[Result "1-0"]
[WhiteElo "1381"]
[BlackElo "1119"]
[Opening "Giuoco Piano"]
[ECO "C50"]
[Time "13:00:32"]
[TimeControl "2700+45"]

1. e4 e5 2. Nf3 Nc6 3. Bc4 Bc5 4. a3 Nf6 5. d3 O-O 6. Bg5 b6 7. c3 Bb7 8. O-O
Re8 9. Re1 h6 10. Be3 d5 11. Bxc5 bxc5 12. exd5 Nxd5 13. Nbd2 f5 14. Qb3 Na5 15.
Qa2 Qd6 16. b4 Nxc4 17. Qxc4 e4 18. dxe4 fxe4 19. Nxe4 Re6 20. Nxd6 Rxd6 21.
bxc5 Rg6 22. g3 Ba6 23. Qxd5+ Kh7 24. Qxa8 c6 25. Qxa7 Kg8 26. Qxa6 Kf7 27. Ne5+
Kf6 28. Nxg6 Kxg6 29. Qxc6+ Kf5 30. Qe4+ Kg5 31. c6 h5 32. c7 h4 33. c8=Q h3 34.
Qeg4+ Kf6 35. Qce6# {Black checkmated} 1-0

[Event "Team 45 45 League T59"]
[Site "Internet Chess Club"]
[Date "2013.12.21"]
[Round "5"]
[White "Bible-Believer"]
[Black "bluesun"]
[Result "0-1"]
[WhiteElo "1625"]
[BlackElo "1459"]
[Opening "Ruy Lopez: Caro variation"]
[ECO "C70"]
[Time "19:35:59"]
[TimeControl "2700+45"]

1. e4 e5 2. Nf3 Nc6 3. Bb5 a6 4. Ba4 b5 5. Bb3 Nf6 6. Qe2 g6 7. c3 Bg7 8. O-O
Bb7 9. Rd1 O-O 10. d4 Re8 11. Ng5 d5 12. dxe5 Rxe5 13. Bf4 Re8 14. Qf3 Ne5 15.
Bxe5 Rxe5 16. Qf4 Nh5 17. Qxf7+ Kh8 18. Ne6 Qh4 19. Nxg7 Re7 20. Qf3 dxe4 21.
Qh3 Qxh3 22. gxh3 Kxg7 23. Nd2 Nf4 24. h4 Rf8 25. Bc2 e3 26. fxe3 Nh3# {White
checkmated} 0-1

[Event "Team 45 45 League T59"]
[Site "Internet Chess Club"]
[Date "2013.12.22"]
[Round "5"]
[White "Elton2013"]
[Black "BotanicalKnight"]
[Result "1-0"]
[WhiteElo "1455"]
[BlackElo "1511"]
[Opening "Caro-Kann: Panov-Botvinnik attack, 5...e6"]
[ECO "B14"]
[Time "19:00:37"]
[TimeControl "2700+45"]

1. e4 c6 2. c4 d5 3. exd5 cxd5 4. d4 Nf6 5. Nc3 e6 6. Nf3 Bb4 7. Bd2 O-O 8. a3
Be7 9. Bd3 dxc4 10. Bxc4 Nbd7 11. O-O Nb6 12. Bd3 Nbd5 13. Ne5 Qb6 14. Nxd5 Nxd5
15. Bc3 Bf6 16. Nc4 Qd8 17. Qc2 g6 18. Ne5 Nf4 19. Be4 Qc7 20. g3 Nh3+ 21. Kh1
Ng5 22. Bg2 h5 23. f4 Nh7 24. Rad1 Bd7 25. d5 exd5 26. Rxd5 Bc6 27. Nxc6 Qxc6
28. Rxh5 Qc7 29. Rd5 Rac8 30. Rf3 Qc4 31. Rfd3 Rfd8 32. b3 Qc7 33. Rxd8+ Rxd8
34. Rxd8+ Bxd8 35. Qd2 Bf6 36. Bb4 b6 37. Qe2 Qc1+ 38. Qf1 Qe3 39. Qf3 Qc1+ 40.
Bf1 a5 41. Bd6 Bd4 42. h4 Nf6 43. Kh2 Qd2+ 44. Bg2 Bg1+ 45. Kxg1 Qxd6 46. a4
Qc5+ 47. Kh2 Qc2 48. Kh3 Qc8+ 49. g4 Qc2 50. h5 gxh5 51. gxh5 Qc8+ 52. Kh4 Qf5
53. Qg3+ Kf8 54. Qg5 Qe6 55. h6 Qe1+ 56. Qg3 Qxg3+ 57. Kxg3 Kg8 58. Kh4 Kh7 59.
Kg5 Nd7 60. Be4+ Kh8 61. Bd5 f6+ 62. Kg6 Nc5 63. Kxf6 Nd7+ 64. Kg6 Nf8+ 65. Kf7
Nd7 66. f5 Kh7 67. f6 Kxh6 68. Ke7 Ne5 69. f7 Ng6+ 70. Ke8 Kg7 71. Be4 Nf8 72.
Ke7 Ne6 73. Kxe6 Kf8 74. Bd3 b5 75. axb5 a4 76. bxa4 Kg7 77. Ke7 Kh6 78. f8=Q+
Kg5 79. Qf6+ Kg4 80. Be2+ Kg3 81. Qf3+ {Black resigns} 1-0

[Event "Team 45 45 League T59"]
[Site "Internet Chess Club"]
[Date "2013.12.19"]
[Round "5"]
[White "tightfist"]
[Black "ethan0627"]
[Result "1-0"]
[WhiteElo "1587"]
[BlackElo "1372"]
[Opening "Four knights game"]
[ECO "C47"]
[Time "20:01:54"]
[TimeControl "2700+45"]

1. Nc3 e5 2. e4 Nf6 3. Nf3 Nc6 4. d3 g6 5. Bg5 Bg7 6. d4 exd4 7. Nxd4 O-O 8.
Nxc6 dxc6 9. Qxd8 Rxd8 10. Bd3 Re8 11. O-O-O Bd7 12. Rhe1 Rad8 13. e5 Ng4 14.
Bxd8 Rxd8 15. f4 Nxh2 16. Be2 h5 17. Rh1 Ng4 18. Bxg4 hxg4 19. Rh4 Kf8 20. Rxg4
Bh6 21. g3 Ke7 22. Rh4 Rh8 23. Rdh1 Bg7 24. Rxh8 Bxh8 25. Rxh8 Bg4 26. Kd2 Bh5
27. Ke3 b6 28. Ne4 Bd1 29. c3 Ba4 30. b3 Bb5 31. c4 Ba6 32. Ra8 c5 33. Rxa7 Bc8
34. Rxc7+ Kd8 35. Rxf7 Bf5 36. Rb7 Kc8 37. Rxb6 Kc7 38. Rf6 Kd7 39. Nxc5+ Ke7
40. b4 {Black resigns} 1-0

[Event "Team 45 45 League T59"]
[Site "Internet Chess Club"]
[Date "2013.12.21"]
[Round "5"]
[White "moodle"]
[Black "rgadoury"]
[Result "1-0"]
[WhiteElo "1483"]
[BlackElo "1308"]
[Opening "Four knights: Spanish, classical defense"]
[ECO "C48"]
[Time "19:00:59"]
[TimeControl "2700+45"]

1. e4 e5 2. Nf3 Nc6 3. Nc3 Nf6 4. Bb5 Bc5 5. Bxc6 dxc6 6. Nxe5 O-O 7. Nf3 Re8 8.
d3 Be6 9. O-O a6 10. Bg5 Be7 11. h3 Nh5 12. Be3 Nf6 13. a4 a5 14. Re1 Bd7 15.
Bg5 b5 16. axb5 cxb5 17. Ne5 Qc8 18. Nxd7 Qxd7 19. Qd2 Qc6 20. Ne2 Red8 21. Ng3
Qe8 22. Nf5 Rd7 23. Nxe7+ Rxe7 24. Bxf6 Re6 25. Bg5 f6 26. Bf4 c5 27. Re3 b4 28.
Rg3 g6 29. Be3 h5 30. Bxc5 Kh7 31. Rf3 Rc8 32. Bd4 Rcc6 33. Rxa5 {Black resigns}
1-0

[Event "Team 45 45 League T59"]
[Site "Internet Chess Club"]
[Date "2013.12.27"]
[Round "5"]
[White "milesotoole"]
[Black "houseofcook"]
[Result "1-0"]
[WhiteElo "1661"]
[BlackElo "1469"]
[Opening "French: Tarrasch, closed variation, main line"]
[ECO "C06"]
[Time "09:04:33"]
[TimeControl "2700+45"]

1. d4 d5 2. e4 e6 3. Nd2 Nf6 4. e5 Nfd7 5. Bd3 c5 6. c3 Nc6 7. Ne2 cxd4 8. cxd4
f6 9. exf6 Nxf6 10. O-O Bd6 11. f4 O-O 12. Nf3 Qb6 13. Kh1 Bd7 14. Ne5 Rac8 15.
Qe1 Nb4 16. Nxd7 Nxd7 17. Bb1 Nc2 18. Bxc2 Rxc2 19. Nc3 Bb4 20. Qd1 Rxc3 21.
bxc3 Bxc3 22. Ba3 Rc8 23. Rc1 Nf6 24. Qf3 Ne4 25. Bc5 Qa5 26. f5 Nd2 27. Qf4
Nxf1 28. fxe6 Rxc5 29. Qf7+ {Black resigns} 1-0

[Event "Team 45 45 League T59"]
[Site "Internet Chess Club"]
[Date "2013.12.23"]
[Round "5"]
[White "PaulRichard"]
[Black "Berke"]
[Result "1/2-1/2"]
[WhiteElo "1504"]
[BlackElo "1432"]
[Opening "Caro-Kann: classical variation"]
[ECO "B18"]
[Time "12:00:27"]
[TimeControl "2700+45"]

1. e4 c6 2. d4 d5 3. Nc3 dxe4 4. Nxe4 Bf5 5. Ng3 Bg6 6. Nf3 e6 7. Ne5 Nd7 8.
Nxg6 hxg6 9. Bc4 Bd6 10. Be3 Ne7 11. Qf3 Nf6 12. Bf4 Bxf4 13. Qxf4 Qb6 14. Bb3
Ned5 15. Qd2 Qc7 {Game drawn by mutual agreement} 1/2-1/2

[Event "Team 45 45 League T59"]
[Site "Internet Chess Club"]
[Date "2013.12.23"]
[Round "5"]
[White "semperfi"]
[Black "tamky70"]
[Result "1-0"]
[WhiteElo "1376"]
[BlackElo "1360"]
[Opening "King's Indian: orthodox, Aronin-Taimanov variation (Yugoslav attack / Mar del Plata variation)"]
[ECO "E97"]
[Time "19:30:30"]
[TimeControl "2700+45"]

1. d4 Nf6 2. Nf3 g6 3. c4 d6 4. Nc3 Bg7 5. e4 O-O 6. Be2 Nc6 7. O-O e5 8. d5 Ne7
9. Bg5 Bd7 10. Qd2 c6 11. b4 Bg4 12. h3 Bxf3 13. Bxf3 cxd5 14. cxd5 a6 15. a4
Qd7 16. Rfe1 Ne8 17. Bg4 f5 18. exf5 Nxf5 19. Ne4 Nf6 20. Nxf6+ Bxf6 21. Bh6 Bg7
22. a5 Bxh6 23. Qxh6 Qb5 24. Qd2 Rac8 25. Be2 Qd7 26. Bg4 Kg7 27. Rab1 Rc4 28.
Rec1 Rfc8 29. Qb2 Rxc1+ 30. Rxc1 Rxc1+ 31. Qxc1 h6 32. Qc3 h5 33. Be2 Kf6 34.
Qf3 Kg7 35. Bd3 Kf6 36. g4 hxg4 37. hxg4 Kg5 38. gxf5 gxf5 39. Qg3+ Kf6 40. Qh4+
Kg6 41. f4 Qa4 42. Qg4+ Kf7 43. Qxf5+ Kg7 44. Qg6+ Kf8 45. Qf6+ Kg8 46. Qg6+ Kf8
47. Qxd6+ Kg8 48. Qe6+ Kh8 49. Qxe5+ Kg8 50. Qb8+ Kg7 51. Qxb7+ Kh6 52. Qc6+ Kh5
53. Qxa4 Kh6 54. Qd7 Kh5 55. Qh3# {Black checkmated} 1-0

[Event "Team 45 45 League T59"]
[Site "Internet Chess Club"]
[Date "2013.12.21"]
[Round "5"]
[White "Buford-Julep"]
[Black "spuzzy"]
[Result "1-0"]
[WhiteElo "1761"]
[BlackElo "1630"]
[Opening "English opening"]
[ECO "A05"]
[Time "09:00:15"]
[TimeControl "2700+45"]

1. Nf3 Nf6 2. c4 g6 3. Nc3 d5 4. cxd5 Nxd5 5. Qa4+ Nc6 6. Ne5 Nxc3 7. dxc3 Bd7
8. Nxd7 Qxd7 9. g3 Ne5 10. Qxd7+ Nxd7 11. Be3 Bg7 12. Bg2 O-O 13. O-O-O Nb6 14.
Bxb7 Rab8 15. Ba6 Na4 16. Rd2 Rfd8 17. Rxd8+ Rxd8 18. Bb5 Nb6 19. Rd1 Rxd1+ 20.
Kxd1 Nd5 21. Bxa7 Bxc3 22. e4 {Black resigns} 1-0

[Event "Team 45 45 League T59"]
[Site "Internet Chess Club"]
[Date "2013.12.19"]
[Round "5"]
[White "Packerfan"]
[Black "LazyPeon"]
[Result "0-1"]
[WhiteElo "1763"]
[BlackElo "1766"]
[Opening "Evans gambit: Cordel variation"]
[ECO "C51"]
[Time "15:30:14"]
[TimeControl "2700+45"]

1. e4 e5 2. Nf3 Nc6 3. Bc4 Bc5 4. b4 Bxb4 5. c3 Be7 6. d4 Na5 7. Nxe5 Nxc4 8.
Nxc4 d5 9. exd5 Qxd5 10. Ne3 Qa5 11. O-O Nf6 12. c4 c6 13. Nd2 O-O 14. Bb2 Be6
15. Qc2 Ng4 16. Bc3 Qh5 17. h3 Bd6 18. Ne4 Bc7 19. Bb4 Rfd8 20. Nxg4 Bxg4 21. d5
cxd5 22. cxd5 Rac8 23. d6 Bxd6 24. Qd2 Bh2+ {White resigns} 0-1

[Event "Team 45 45 League T59"]
[Site "Internet Chess Club"]
[Date "2013.12.20"]
[Round "5"]
[White "SirIvanhoe"]
[Black "clarinetref"]
[Result "1-0"]
[WhiteElo "1566"]
[BlackElo "1592"]
[Opening "King's pawn opening"]
[ECO "B07"]
[Time "22:02:50"]
[TimeControl "2700+45"]

1. e4 d6 2. d4 c6 3. f4 e5 4. dxe5 dxe5 5. Qxd8+ Kxd8 6. Nf3 exf4 7. Bxf4 Nf6 8.
Bd3 Bc5 9. Nc3 Nh5 10. Bg5+ f6 11. Bd2 Re8 12. O-O-O Nd7 13. g4 Ne5 14. Nxe5
Rxe5 15. gxh5 Rxh5 16. Be2 Rh3 17. Be3+ Bd6 18. Bc5 {Black resigns} 1-0

[Event "Team 45 45 League T59"]
[Site "Internet Chess Club"]
[Date "2013.12.19"]
[Round "5"]
[White "tryanything"]
[Black "pauliewoll"]
[Result "1/2-1/2"]
[WhiteElo "1573"]
[BlackElo "1538"]
[Opening "Queen's bishop game"]
[ECO "A45"]
[Time "04:30:53"]
[TimeControl "2700+45"]

1. d4 Nf6 2. Bf4 d5 3. Nf3 g6 4. e3 Bg7 5. Bd3 O-O 6. c3 Nbd7 7. h3 c5 8. O-O b6
9. Nbd2 Bb7 10. Re1 Rc8 11. Rc1 e6 12. a3 c4 13. Bc2 b5 14. e4 dxe4 15. Nxe4
Bxe4 16. Bxe4 Nxe4 17. Rxe4 Nb6 18. Qe2 Nd5 19. Bg3 Bh6 20. Re1 Qb6 21. Ne5 Nf6
22. Ng4 Nxg4 23. hxg4 a5 24. Be5 b4 25. Qf3 Bg7 26. Bxg7 Kxg7 27. g5 bxc3 28.
Qf6+ Kg8 29. bxc3 Qd8 30. Qxd8 Rfxd8 31. Re5 Rd5 32. Rxd5 exd5 33. Re5 Rd8 34.
Re7 Rb8 35. Ra7 Rb3 36. Rxa5 Rxc3 37. Rxd5 Rxa3 38. Rc5 Ra1+ 39. Kh2 Rd1 40.
Rxc4 Kf8 41. f4 Ke7 42. Kg3 Kd6 43. Kg4 Rd2 44. g3 Rd3 45. Ra4 Ke6 46. Rb4 Kd6
47. Rb8 Ke7 48. Rh8 Rxd4 49. Rxh7 Rd8 50. Rh1 Rd5 51. Re1+ Kd7 52. Ra1 {Game
drawn by mutual agreement} 1/2-1/2

[Event "Team 45 45 League T59"]
[Site "Internet Chess Club"]
[Date "2013.12.22"]
[Round "5"]
[White "DanMcClintic"]
[Black "gcl"]
[Result "0-1"]
[WhiteElo "1641"]
[BlackElo "1688"]
[Opening "King's gambit"]
[ECO "C30"]
[Time "09:59:17"]
[TimeControl "2700+45"]

1. e4 e5 2. f4 c6 3. Nf3 exf4 4. d4 d5 5. e5 f6 6. Bxf4 fxe5 7. Nxe5 Nf6 8. Bd3
Qb6 9. Qe2 Be7 10. c3 Qd8 11. O-O O-O 12. Nd2 Nbd7 13. Ndf3 Nxe5 14. Nxe5 Bd6
15. h3 Qe7 16. Rae1 Bd7 17. Nxd7 Qxe2 18. Nxf6+ Rxf6 19. Rxe2 Bxf4 20. Re7 Bh2+
21. Kxh2 Rxf1 22. Rxb7 Rf7 23. Ba6 Raf8 24. c4 Rxb7 25. Bxb7 dxc4 26. Bxc6 Rd8
27. d5 Kf8 28. Kg3 Ke7 29. Kf4 Kd6 30. Ke4 Kc5 31. Ke5 Rb8 32. Ke6 Rxb2 33. a4
Rxg2 34. Ke7 c3 35. d6 Kxc6 36. d7 {White resigns} 0-1

[Event "Team 45 45 League T59"]
[Site "Internet Chess Club"]
[Date "2013.12.22"]
[Round "5"]
[White "Whalen"]
[Black "Blitzkrieg00"]
[Result "1/2-1/2"]
[WhiteElo "1639"]
[BlackElo "1595"]
[Opening "King's Indian: 5.Nf3"]
[ECO "E90"]
[Time "13:02:10"]
[TimeControl "2700+45"]

1. Nf3 d6 2. d4 Nf6 3. c4 g6 4. Nc3 Bg7 5. e4 O-O 6. h3 b6 7. Be3 Bb7 8. d5 c5
9. Qc2 Nfd7 10. Be2 Ba6 11. O-O Ne5 12. Nxe5 Bxe5 13. f4 Bg7 14. a3 Nd7 15. b4
Bb7 16. Rad1 a6 17. e5 Qc8 18. exd6 exd6 19. Ne4 Qc7 20. f5 Nf6 21. Nxf6+ Bxf6
22. fxg6 fxg6 23. Bh6 Bg7 24. Bf4 Rae8 25. Bd3 Bd4+ 26. Kh1 Bc8 27. Bh6 Bg7 28.
Qc1 Qe7 29. Rfe1 Qh4 30. Rxe8 Rxe8 31. Bxg7 Kxg7 32. bxc5 bxc5 33. Kh2 Rf8 34.
Qe3 Bd7 35. Re1 Re8 36. Be4 Bf5 37. Qg3 Qxg3+ 38. Kxg3 Rxe4 39. Rb1 Rxc4 40. Rb6
Rc3+ 41. Kf4 Rc4+ 42. Kg3 Rd4 43. Rxd6 Rd3+ 44. Kf4 c4 45. g4 Bc8 46. Rc6 c3 47.
Rxc8 Rxd5 48. Rxc3 a5 49. g5 Rf5+ 50. Kg4 Rd5 51. Rc7+ Kg8 52. Rc8+ Kg7 53. Rc7+
Kg8 54. Rc4 Rd3 55. a4 Rb3 56. Rc8+ Kg7 57. Rc7+ Kg8 58. Rc8+ Kg7 59. Rc7+ Kg8
{Game drawn by mutual agreement} 1/2-1/2

[Event "Team 45 45 League T59"]
[Site "Internet Chess Club"]
[Date "2013.12.22"]
[Round "5"]
[White "CaptK"]
[Black "parrot9"]
[Result "0-1"]
[WhiteElo "1506"]
[BlackElo "1654"]
[Opening "QGD Slav"]
[ECO "D11"]
[Time "13:31:06"]
[TimeControl "2700+45"]

1. d4 d5 2. Nf3 Nf6 3. c4 c6 4. e3 e6 5. Nbd2 Nbd7 6. Bd3 dxc4 7. Nxc4 b5 8.
Nce5 Nxe5 9. Nxe5 Bb7 10. b3 a6 11. Bb2 Be7 12. O-O O-O 13. Rc1 Rc8 14. f4 c5
15. Be2 Qb6 16. Bf3 Rfd8 17. Bxb7 Qxb7 18. Qf3 Qxf3 19. Nxf3 Ne4 20. Rfd1 c4 21.
bxc4 Rxc4 22. Ne5 Rxc1 23. Rxc1 Bd6 24. Nc6 Ra8 25. Kf1 Nd2+ 26. Ke2 Nc4 27. Ba1
f6 28. Rb1 Rc8 29. Nb4 Na3 30. Rb3 Nc2 31. Bc3 Nxb4 32. Bxb4 Bxb4 33. Rxb4 Rc2+
34. Kf3 Rxa2 35. Rb1 Rc2 36. Ra1 Rc6 37. e4 Kf7 38. g4 b4 39. d5 Rb6 40. g5 Ke7
41. gxf6+ gxf6 42. dxe6 Kxe6 43. f5+ Ke5 44. Ke3 b3 45. Ra5+ Kd6 46. Rd5+ Ke7
47. Rd1 b2 48. Rb1 a5 49. Kd3 a4 50. Kc3 a3 51. Kc2 Kd6 52. Rd1+ Ke5 53. Rb1
Kxe4 54. h4 Kxf5 55. h5 Kg5 56. h6 Kxh6 57. Rh1+ Kg5 58. Rg1+ Kf5 59. Kb1 h5 60.
Rf1+ Ke5 61. Re1+ Kd6 62. Rd1+ Kc5 63. Rh1 Kb4 64. Rh4+ Kb3 65. Rh3+ Ka4 66.
Rh4+ Rb4 67. Rxh5 Rc4 68. Rh1 Kb3 69. Rh3+ Rc3 70. Rxc3+ Kxc3 71. Ka2 Kc2 72.
Kxa3 b1=Q {White resigns} 0-1

[Event "Team 45 45 League T59"]
[Site "Internet Chess Club"]
[Date "2013.12.25"]
[Round "5"]
[White "jjmolina"]
[Black "CogitoErgoSum"]
[Result "1-0"]
[WhiteElo "1833"]
[BlackElo "1865"]
[Opening "Sicilian: Najdorf, Byrne (English) attack"]
[ECO "B90"]
[Time "16:01:24"]
[TimeControl "2700+45"]

1. e4 c5 2. Nf3 d6 3. d4 cxd4 4. Nxd4 Nf6 5. Nc3 a6 6. Be3 e5 7. Nb3 Be6 8. f3
Nbd7 9. Qd2 Be7 10. O-O-O h5 11. Kb1 b5 12. Nd5 Bxd5 13. exd5 Nb6 14. Bxb6 Qxb6
15. Na5 Rc8 16. Nc6 Nxd5 17. Nxe7 Nxe7 18. Qxd6 Qxd6 19. Rxd6 Nc6 20. Rd1 Ke7
21. Bd3 g6 22. Rhe1 f5 23. c3 Rhd8 24. Rd2 h4 25. Red1 Rd6 26. a4 Rcd8 27. axb5
axb5 28. Kc2 Rb8 29. Be2 Rxd2+ 30. Rxd2 Ke6 31. Rd1 g5 32. Ra1 Rc8 33. Kb1 b4
34. Ra4 bxc3 35. bxc3 Kd5 36. Bc4+ Kd6 37. Bd3 Ne7 38. Ra6+ Kd5 39. Kc2 Nc6 40.
Kd2 e4 41. fxe4+ fxe4 42. Bc2 Ne5 43. Ra5+ Kd6 44. Ra6+ Ke7 45. Bxe4 Rc4 46. Bd5
Rc5 47. Re6+ {Black resigns} 1-0